 Dungeon Crawl Stone Soup version 0.28.0-45-g0d030f2227 (webtiles) character file.

Game seed: 4265879419282970257

135 Bruhh the Caller (level 5, 0/45 HPs)
             Began as an Ogre Summoner on Apr 22, 2022.
             Slain by an orc
             ... wielding a +2 hand axe of electrocution
              (10 damage)
             ... on level 3 of the Dungeon.
             The game lasted 00:04:39 (3194 turns).

Bruhh the Caller (Ogre Summoner)                    Turns: 3194, Time: 00:04:40

Health: 0/45       AC:  3    Str: 12    XL:     5   Next: 18%
Magic:  0/11       EV: 10    Int: 18    God:
Gold:   94         SH:  0    Dex:  9    Spells: 9/12 levels left

rFire   . . .      SeeInvis .   f - +0 spear
rCold   . . .      Faith    .   (no shield)
rNeg    . . .      Spirit   +   a - +0 robe
rPois   .          Reflect  .   (helmet restricted)
rElec   .          Harm     .   (no cloak)
rCorr   .          Rampage  .   (gloves unavailable)
Will    .....                   (boots unavailable)
Stlth   +.........              h - amulet of guardian spirit
HPRegen 0.15/turn               (no ring)
MPRegen 0.12/turn               (no ring)

@: no status effects
A: large, unfitting armour, tough skin 1
a: no special abilities


You were on level 3 of the Dungeon.
You visited 1 branch of the dungeon, and saw 3 of its levels.

You collected 94 gold pieces.

Inventory:

Hand Weapons
 f - a +0 spear (weapon)
Armour
 a - a +0 robe (worn)
Jewellery
 h - an amulet of guardian spirit (around neck)
Scrolls
 b - 2 scrolls of fear {unknown}
 c - 4 scrolls of identify {unknown}
 d - a scroll of amnesia {unknown}
Potions
 e - a potion of attraction {unknown}
 g - a potion of invisibility {unknown}


   Skills:
 - Level 2.0 Dodging
 - Level 1.5 Stealth
 - Level 4.0 Spellcasting
 + Level 4.9 Summonings


You had 9 spell levels left.
You knew the following spells:

 Your Spells              Type           Power      Damage    Failure   Level
a - Summon Small Mammal   Summ           84%        N/A       1%          1
b - Call Imp              Summ           21%        N/A       3%          2

Your spell library contained the following spells:

 Spells                   Type           Power      Damage    Failure   Level
 Call Canine Familiar     Summ           21%        N/A       6%          3
 Summon Guardian Golem    Hex/Summ       12%        N/A       16%         3
 Summon Lightning Spire   Summ/Air       12%        N/A       47%         4


Dungeon Overview and Level Annotations

Branches:
Dungeon (3/15)

Altars:


Innate Abilities, Weirdness & Mutations

You are too large for most types of armour.
You have tough skin. (AC +1)


Message History

You reach to attack!
You hit the orc.
The orc is severely wounded.
You hit the orc but do no damage.
The orc is severely wounded.
The orc hits you with a +2 hand axe of electrocution.
An orc comes into view. It is wielding a +0 hand axe.
You barely miss the orc.
The orc is severely wounded.
The orc shouts!
The orc hits you but does no damage.
You hit the orc but do no damage.
The orc is severely wounded.
The orc closely misses you. The orc misses you.
The orc hits you with a +2 hand axe of electrocution.
You are electrocuted!
The orc hits you with a +2 hand axe of electrocution.
The orc hits you with a +0 hand axe.
* * * LOW HITPOINT WARNING * * *
Casting: Call Imp (safe; 3% risk of failure)
Confirm with . or Enter, or press ? or * to list all spells.
You don't know that spell.
Casting: Call Imp (safe; 3% risk of failure)
Confirm with . or Enter, or press ? or * to list all spells.
The orc completely misses you. The orc closely misses you.
You swap places.
Your quokka closely misses the orc.
The orc barely misses your quokka.
The orc hits your quokka with a +2 hand axe of electrocution.
Casting: Summon Small Mammal (safe; 1% risk of failure)
Confirm with . or Enter, or press ? or * to list all spells.
Your quokka bites the orc but does no damage.
The orc hits your quokka with a +0 hand axe.
Your quokka dies!
Your quokka's corpse disappears in a puff of smoke!
Your rat barely misses the orc.
Casting: Summon Small Mammal (safe; 1% risk of failure)
Confirm with . or Enter, or press ? or * to list all spells.
The orc hits you with a +2 hand axe of electrocution.
* * * LOW HITPOINT WARNING * * *
You are electrocuted!
You die...

............... #
#.#.#....#..#
##.##.#.........#####
#.........)).........
...###.#.#####.#.####
#.).#...#.....#
###..ob##.#.##.##
#...ro.##.#.##.#
#.#..@.##...#..#
...#....######.## ###
#....# ####.# #....#
#<...# ###### ######


You could see 2 orcs, a friendly bat (summoned) and a friendly rat (summoned).

Vanquished Creatures
  A necrophage (D:2)
  A dart slug (D:2)
  An orc (D:3)
  2 endoplasms (D:1)
  5 goblins
  2 hobgoblins (D:2)
  2 kobolds (D:1)
  2 quokkas (D:2)
  A ball python (D:2)
  A frilled lizard (D:2)
18 creatures vanquished.

Vanquished Creatures (collateral kills)
  A worm (D:2)
  2 ball pythons (D:2)
  2 endoplasms (D:1)
  3 giant cockroaches
  A goblin (D:2)
  2 hobgoblins
  3 jackals (D:1)
  A bat (D:1)
  A frilled lizard (D:2)
  3 kobolds (D:1)
  2 rats
21 creatures vanquished.

Grand Total: 39 creatures vanquished

Notes
Turn   | Place    | Note
-------+----------+-------------------------------------------
     0 | D:1      | Bruhh the Ogre Summoner began the quest for the Orb.
     0 | D:1      | Reached XP level 1. HP: 16/16 MP: 3/3
   620 | D:1      | Reached XP level 2. HP: 24/24 MP: 2/5
  2035 | D:2      | Reached XP level 3. HP: 23/31 MP: 8/8
  2307 | D:2      | Noticed a necrophage
  2352 | D:2      | Killed a necrophage
  2353 | D:2      | Reached XP level 4. HP: 33/39 MP: 7/10
  2353 | D:2      | Reached XP level 5. HP: 38/45 MP: 7/11
  2356 | D:2      | Learned a level 2 spell: Call Imp
  2411 | D:2      | Found a faded altar of an unknown god.
  3194 | D:3      | Slain by an orc

Illustrated notes

Levels and vault maps discovered:
D:1:      minmay_arrival_split_and_join, layout_loops_ring, serial_glass,
          glass_columns_a, glass_columns_c
D:2:      layout_basic, ebering_ecumenical_altar_hall, minmay_goblin_outpost
D:3:      layout_basic, nicolae_ru_path_of_blood

Skill      XL: |  1  2  3 |
---------------+----------+-----
Dodging        | 2 |  2.0
Spellcasting   | 3 4 |  4.0
Summonings     | 4 |  4.9
Stealth        | |  1.5

Action                   |  1- 3 |  4- 6 || total
-------------------------+-------+-------++-------
Melee: Unarmed           |    40 |       ||    40
       Spear             |    28 |    37 ||    65
       Punch             |     1 |       ||     1
 Cast: Summon Small Mamm |    42 |    17 ||    59
       Call Imp          |       |     1 ||     1
 Stab: Distracted        |     1 |       ||     1
       Sleeping          |       |     1 ||     1
Armor: Robe              |    22 |    11 ||    33
Dodge: Dodged            |    33 |    13 ||    46
